 Dungeon Sprint DCSS version 0.26-a0-1026-g544776af23 (webtiles) character file.

Game seed: 5124653810110695059

12 sahdkjhfkaj the Insei (level 4, -3/37 HPs)
             Began as a Gnoll Transmuter on Dec 9, 2020.
             Was a Believer of Cheibriados.
             Slain by a worker ant (4 damage)
             ... in the Dungeon (Sprint VI: "Thunderdome").
             The game lasted 00:00:42 (214 turns).

sahdkjhfkaj the Insei (Gnoll Transmuter)             Turns: 214, Time: 00:00:43

Health: -3/37      AC:  2    Str: 19    XL:     4   Next: 30%
Magic:  8/11       EV: 16    Int: 20    God:    Cheibriados [**....]
Gold:   220        SH:  0    Dex: 20    Spells: 11/14 levels left

rFire    . . .     SeeInvis .     - Unarmed
rCold    . . .     Faith    .   (no shield)
rNeg     . . .     Spirit   .   a - +0 robe
rPois    .         Reflect  .   (helmet currently unavailable)
rElec    .         Harm     .   (no cloak)
rCorr    .         Rampage  .   (no gloves)
Will     .....     NoTele   +   (boots currently unavailable)
Stlth    ++........             (no amulet)
HPRegen  0.12/turn              (no ring)
MPRegen  0.12/turn              (no ring)

@: lethally poisoned (-3 -> -18), appendages, wereblooded, very slow
A: distributed training, fangs 1, horns 2, talons 2, strong nose
a: End Transformation, Bend Time, Renounce Religion


You were in the Dungeon.
You worshipped Cheibriados.
Cheibriados was pleased with you.
You had grown temporary horns.
You had grown temporary talons.
You visited 1 branch You collected 220 gold pieces.

Inventory:

Armour
 a - a +0 robe (worn)
Wands
 i - a wand of acid (5)
 j - a wand of iceblast (5)
Scrolls
 h - 3 scrolls of blinking
 k - 3 scrolls of fog
Potions
 b - a potion of resistance
 d - 3 potions of heal wounds
 e - 4 potions of haste
 f - 2 potions of magic
 g - a potion of berserk rage


   Skills:
 + Level 3.7 Fighting
 + Level 2.6 Short Blades
 + Level 2.6 Long Blades
 + Level 2.6 Axes
 + Level 2.6 Maces & Flails
 + Level 2.6 Polearms
 + Level 2.6 Staves
 + Level 2.6 Slings
 + Level 2.6 Bows
 + Level 2.6 Crossbows
 + Level 2.6 Throwing
 + Level 2.6 Armour
 + Level 5.3 Dodging
 + Level 2.6 Stealth
 + Level 2.6 Shields
 + Level 7.1 Unarmed Combat
 + Level 5.6 Spellcasting
 + Level 2.1 Conjurations
 + Level 2.1 Hexes
 + Level 2.1 Summonings
 + Level 2.1 Necromancy
 + Level 2.1 Translocations
 + Level 4.3 Transmutations
 + Level 2.1 Fire Magic
 + Level 2.1 Ice Magic
 + Level 2.1 Air Magic
 + Level 2.1 Earth Magic
 + Level 2.1 Poison Magic
 + Level 2.9 Invocations
 + Level 2.6 Evocations


You had 11 spell levels left.
You knew the following spells:

 Your Spells              Type           Power        Failure   Level
a - Beastly Appendage     Tmut           ###...       1%          1
x - Wereblood             Tmut           ###.....     2%          2

Your spell library contained the following spells:

 Spells                   Type           Power        Failure   Level
 Spider Form              Tmut/Pois      ###.......   9%          3
 Ice Form                 Ice/Tmut       ###.....     28%         4
 Blade Hands              Tmut           ###.......   45%         5


Dungeon Overview and Level Annotations

Branches:
Dungeon (1/1)

Altars:
Cheibriados
Dithmenos
Makhleb
Okawaru
Qazlal
Ru
Sif Muna
Trog
Uskayaw
Vehumet
Wu Jian
Xom
Zin
The Shining One
Beogh
Lugonu

Shops:
D *[???:(


Innate Abilities, Weirdness & Mutations

Your experience applies equally to all skills.
You have very sharp teeth.
Your uncanny sense of smell can sniff out nearby items.
You have a pair of horns on your head.
You have razor-sharp toenails.


Message History

You closely miss the killer bee. You claw the killer bee.
Your bite misses the killer bee.
The killer bee is severely wounded.
The killer bee closely misses you. The worker ant closely misses you.
The killer bee completely misses you.
You hit the killer bee. Your kick misses the killer bee.
The killer bee is almost dead.
The killer bee stings you.
You are more poisoned.
The killer bee poisons you! The worker ant bites you.
* * * LOW HITPOINT WARNING * * *
You punch the killer bee!
You kill the killer bee!
Cheibriados thoroughly appreciates the change of pace.
Cheibriados raises the support of your attributes as your movement slows.
You feel sick. The worker ant bites you!
* * * LOW HITPOINT WARNING * * *
You are more poisoned.
The worker ant poisons you! The worker ant bites you.
You die...

###.........###
#§...........⌠#
######.8.........8.###
##.___B.[...###......___
#∩...§....8.# #.8........
#.............###..........
B..........###...###.......
⌠..........# #†B.# .......
B..........# #@..# .......
#............B###.........
###∩........8. .8......
##∩___...... ...... ##.8...
...8.# #⌠.... ....⌠# ###...
.### #_..


You could see 2 worker ants.

Vanquished Creatures
  A scorpion (D)
  A killer bee (D)
  Terence (D)
  A bat skeleton (D)
  A giant cockroach (D)
  A rat (D)
6 creatures vanquished.

Notes
Turn   | Place    | Note
-------+----------+-------------------------------------------
     0 | D        | sahdkjhfkaj the Gnoll Transmuter began the quest for the
                  | Orb.
     0 | D        | Reached XP level 1. HP: 17/17 MP: 6/6
     1 | D        | Found a shimmering altar of Xom.
     1 | D        | Found a glowing silver altar of Zin.
     2 | D        | Found a sacrificial altar of Ru.
     2 | D        | Found a roughly hewn altar of Beogh.
     3 | D        | Found a glowing golden altar of the Shining One.
     3 | D        | Found a snail-covered altar of Cheibriados.
     4 | D        | Found a shadowy altar of Dithmenos.
     4 | D        | Found a burning altar of Makhleb.
     4 | D        | Found Xuepta Huqu's Staff Store.
     4 | D        | Found Qoggubaj's Magic Scroll Shop.
     5 | D        | Found a shimmering blue altar of Sif Muna.
     5 | D        | Found Caacioh's Must-Have Magic.
     5 | D        | Found Tyqiatun's Magic Scroll Shop.
     5 | D        | Round 1.
    21 | D        | Became a worshipper of Cheibriados the Contemplative
    33 | D        | Found a stormy altar of Qazlal.
    34 | D        | Found an iron altar of Okawaru.
    34 | D        | Noticed Terence
    35 | D        | Found a radiant altar of Vehumet.
    48 | D        | Killed Terence
    49 | D        | Reached skill level 1 in Short Blades
    49 | D        | Reached skill level 1 in Long Blades
    49 | D        | Reached skill level 1 in Axes
    49 | D        | Reached skill level 1 in Maces & Flails
    49 | D        | Reached skill level 1 in Polearms
    49 | D        | Reached skill level 1 in Staves
    49 | D        | Reached skill level 1 in Slings
    49 | D        | Reached skill level 1 in Bows
    49 | D        | Reached skill level 1 in Crossbows
    49 | D        | Reached skill level 1 in Throwing
    49 | D        | Reached skill level 1 in Armour
    49 | D        | Reached skill level 1 in Stealth
    49 | D        | Reached skill level 1 in Shields
    49 | D        | Reached skill level 5 in Spellcasting
    49 | D        | Reached skill level 1 in Conjurations
    49 | D        | Reached skill level 1 in Hexes
    49 | D        | Reached skill level 1 in Summonings
    49 | D        | Reached skill level 1 in Necromancy
    49 | D        | Reached skill level 1 in Translocations
    49 | D        | Reached skill level 1 in Fire Magic
    49 | D        | Reached skill level 1 in Ice Magic
    49 | D        | Reached skill level 1 in Air Magic
    49 | D        | Reached skill level 1 in Earth Magic
    49 | D        | Reached skill level 1 in Poison Magic
    49 | D        | Reached skill level 1 in Evocations
    49 | D        | Reached XP level 2. HP: 5/24 MP: 8/8
    49 | D        | Reached XP level 3. HP: 6/29 MP: 9/9
    93 | D        | Reached * piety under Cheibriados
   120 | D        | Noticed a scorpion
   121 | D        | Found Icam's Jewellery.
   122 | D        | Found Izizo's Advanced Armour.
   123 | D        | Found a hide-covered altar of Uskayaw.
   123 | D        | Found a corrupted altar of Lugonu.
   123 | D        | Found an ornate altar of the Wu Jian Council.
   123 | D        | Found Faptafel's Identification Station.
   134 | D        | Killed a scorpion
   134 | D        | Reached ** piety under Cheibriados
   134 | D        | Arena points: 12 (+12) [x2]
   135 | D        | Reached skill level 5 in Dodging
   135 | D        | Reached skill level 7 in Unarmed Combat
   135 | D        | Reached XP level 4. HP: 17/37 MP: 9/11
   197 | D        | Round 2.
   198 | D        | Noticed a soldier ant
   198 | D        | Noticed a soldier ant
   200 | D        | Found a bloodstained altar of Trog.
   204 | D        | Learned a level 2 spell: Wereblood
   214 | D        | HP: 1/37 [worker ant (7)]
   214 | D        | Slain by a worker ant

Illustrated notes

Levels and vault maps discovered:
D:        arena_sprint

Skill      XL: |  1  2  3 |
---------------+----------+-----
Fighting       | 3 |  3.7
Short Blades   | 1 2 |  2.6
Long Blades    | 1 2 |  2.6
Axes           | 1 2 |  2.6
Maces & Flails | 1 2 |  2.6
Polearms       | 1 2 |  2.6
Staves         | 1 2 |  2.6
Slings         | 1 2 |  2.6
Bows           | 1 2 |  2.6
Crossbows      | 1 2 |  2.6
Throwing       | 1 2 |  2.6
Armour         | 1 2 |  2.6
Stealth        | 1 2 |  2.6
Shields        | 1 2 |  2.6
Spellcasting   | 5 |  5.6
Conjurations   | 1 2 |  2.1
Hexes          | 1 2 |  2.1
Summonings     | 1 2 |  2.1
Necromancy     | 1 2 |  2.1
Translocations | 1 2 |  2.1
Transmutations | 4 |  4.3
Fire Magic     | 1 2 |  2.1
Ice Magic      | 1 2 |  2.1
Air Magic      | 1 2 |  2.1
Earth Magic    | 1 2 |  2.1
Poison Magic   | 1 2 |  2.1
Invocations    | 2 |  2.9
Evocations     | 1 2 |  2.6
Dodging        | 5 |  5.3
Unarmed Combat | 7 |  7.1

Action                   |  1- 3 |  4- 6 || total
-------------------------+-------+-------++-------
Melee: Unarmed           |    29 |     5 ||    34
       Bite              |     5 |       ||     5
       Punch             |     1 |       ||     1
       Kick              |       |     1 ||     1
 Cast: Beastly Appendage |       |     1 ||     1
       Wereblood         |       |     1 ||     1
  Use: Potion            |     2 |       ||     2
       Scroll            |       |     1 ||     1
Armor: Robe              |     4 |       ||     4
Dodge: Dodged            |    14 |     5 ||    19

Table legend: (Time is in decaauts)
 A = Elapsed time spent in this place.
 B = Non-inter-level travel time spent in this place.
 C = Inter-level travel time spent in this place.
 D = Time resting spent in this place.
 E = Time spent auto-exploring this place.
 F = Levels seen in this place.
 G = Mean time per level.
                   A        B        C        D        E       F      G
               +--------+--------+--------+--------+--------+-----+--------+
         Total |    216 |    216 |      0 |    133 |     26 |   1 |  216.0 |
       Dungeon |    216 |    216 |      0 |    133 |     26 |   1 |  216.0 |
               +--------+--------+--------+--------+--------+-----+--------+

Top non-repeatable levels by time:
       D: 216 daAuts
